 Dungeon Crawl Stone Soup version 0.22.1-2-g9c5b331383 (webtiles) character file.

74 Jerry the Skirmisher (level 4, -1/37 HPs)
             Began as a Merfolk Fighter on Nov 26, 2018.
             Was an Initiate of Okawaru.
             Slain by a worm (8 damage)
             ... on level 2 of the Dungeon.
             The game lasted 00:02:22 (1075 turns).

Jerry the Skirmisher (Merfolk Fighter)              Turns: 1075, Time: 00:02:22

Health: -1/37      AC:  7    Str: 17    XL:     4   Next: 28%
Magic:  4/4        EV:  8    Int:  7    God:    Okawaru [......]
Gold:   88         SH:  9    Dex: 13    Spells: 3/3 levels left

rFire    . . .     SeeInvis .   l - +0 long sword (pain)
rCold    . . .     Gourm    .   c - +0 shield
rNeg     . . .     Faith    .   b - +0 scale mail
rPois    .         Spirit   .   (no helmet)
rElec    .         Reflect  .   (no cloak)
rCorr    .         Harm     .   (no gloves)
MR       .....                  e - +0 pair of boots
Stlth    +.........             (no amulet)
HPRegen  0.12/turn              m - ring of stealth
MPRegen  0.09/turn              (no ring)

@: no status effects
A: change form in water, swift swim, stealthy swim
a: Renounce Religion


You were on level 2 of the Dungeon.
You worshipped Okawaru.
Okawaru was noncommittal.
You were not hungry.

You visited 1 branch of the dungeon, and saw 2 of its levels.

You collected 88 gold pieces.

Inventory:

Hand Weapons
 a - a +0 long sword
 l - a +0 long sword of pain (weapon)
Armour
 b - a +0 scale mail (worn)
 c - a +0 shield (worn)
 e - a +0 pair of boots (worn)
Jewellery
 m - a ring of stealth (left hand)
Scrolls
 i - 2 scrolls of identify {unknown}
 j - a scroll of enchant armour {unknown}
 p - 2 scrolls of teleportation {unknown}
Potions
 d - a potion of might
 g - a potion of heal wounds {unknown}
 h - a potion of agility {unknown}
 n - a potion of flight {unknown}
 o - a potion of magic {unknown}
 q - 2 potions of curing {unknown}
 r - a potion of berserk rage {unknown}
Comestibles
 f - 2 rations
 k - 7 chunks of flesh


   Skills:
 + Level 3.8 Fighting
 + Level 2.9 Long Blades
 + Level 2.5 Armour
 + Level 1.9 Dodging
 + Level 3.4 Shields
 + Level 0.1 Invocations


You had 3 spell levels left.
You didn't know any spells.
Your spell library contained the following spells:

 Spells                   Type           Power        Failure   Level  Hunger
 Confusing Touch          Hex            #.....       100%        1    ##.....
 Confuse                  Hex            #.......     100%        3    ####...
 Gell's Gravitas          Tloc           #.........   100%        3    ####...
 Petrify                  Tmut/Erth      #.......     100%        4    #####..
 Metabolic Englaciation   Hex/Ice        #.........   100%        5    ######.
 Yara's Violent Unravell  Hex/Tmut       #.........   100%        5    ######.


Dungeon Overview and Level Annotations

Branches:
Dungeon (2/15)

Altars:
Okawaru
Vehumet


Message History

You block the worm's attack.
You hit the worm.
The worm is almost dead.
The worm barely misses you.
You hit the worm but do no damage.
The worm is almost dead.
The worm bites you but does no damage.
Your shield and scale mail prevent you from hitting the worm.
The worm is severely wounded.
The worm bites you.
* * * LOW HITPOINT WARNING * * *
You hit the worm.
The worm is severely wounded.
The worm bites you but does no damage.
You completely miss the worm.
The worm is severely wounded.
You hit the worm.
The worm is almost dead.
The worm bites you!
You die...

.##.#..#.###..####.####.#
####
.##.................# .#
### ..............####.##
.. #.. .......#.###.##
#.# #. #.# .####.##.# #.#
#.# #.# ......##.# #.#
#.# #.# .#######.# #.#
###.## #.# .# #.# #.#
#....# #<# .# #. .#
#@.(.# #.. .. #...w....#
##. .. #####.....# #. ##
#.# #.....# #. #.#
...#.## #. #.# #.#..># #.
#.# #.##### #. #.# #.# #.
#.# #.# ##### #.


You could see a worm.

Vanquished Creatures
  2 adders (D:2)
  3 leopard geckos
  4 orcs (D:2)
  3 giant cockroaches (D:1)
  2 goblins (D:2)
  12 hobgoblins
  6 kobolds (D:1)
  A ball python (D:2)
  4 bats
  3 frilled lizards
  3 rats
43 creatures vanquished.

Notes
Turn   | Place    | Note
-------+----------+-------------------------------------------
     0 | D:1      | Jerry the Merfolk Fighter began the quest for the Orb.
     0 | D:1      | Reached XP level 1. HP: 18/18 MP: 1/1
    22 | D:1      | Reached XP level 2. HP: 20/24 MP: 2/2
    70 | D:1      | Reached skill level 1 in Dodging
   336 | D:1      | Reached XP level 3. HP: 26/29 MP: 3/3
   765 | D:2      | Found an iron altar of Okawaru.
   776 | D:2      | Became a worshipper of Warmaster Okawaru
   823 | D:2      | Reached XP level 4. HP: 31/37 MP: 4/4
   884 | D:2      | Found a radiant altar of Vehumet.
  1075 | D:2      | Slain by a worm

Skill      XL: |  1  2 |
---------------+-------+-----
Dodging        | 1 |  1.9
Fighting       | |  3.8
Long Blades    | |  2.9
Armour         | |  2.5
Shields        | |  3.4
Invocations    | |  0.1

Action                   |  1- 3 |  4- 6 || total
-------------------------+-------+-------++-------
Melee: Long sword        |   100 |    36 ||   136
  Eat: Chunk             |       |     1 ||     1
Armor: Scale mail        |    87 |    12 ||    99
Dodge: Dodged            |    54 |     7 ||    61
Block: Shield            |    79 |    13 ||    92
       Rpst.: Long sword |    19 |     4 ||    23
